 Dungeon Crawl Stone Soup version 0.27.1 (webtiles) character file.

Game seed: 12789813041859825028

56 MajorAdolf the Sneak (level 3, -5/32 HPs)
             Began as a Naga Wanderer on Aug 28, 2021.
             Slain by a gnoll (12 damage)
             ... on level 3 of the Dungeon.
             The game lasted 00:01:57 (2524 turns).

MajorAdolf the Sneak (Naga Wanderer)                Turns: 2524, Time: 00:01:58

Health: -5/32      AC:  7    Str: 13    XL:     3   Next: 95%
Magic:  3/3        EV:  1    Int: 15    God:
Gold:   144        SH:  0    Dex:  9    Spells: 1/2 levels left

rFire    . . .     SeeInvis +   a - +0 spear
rCold    . . .     Faith    .   (no shield)
rNeg     . . .     Spirit   .   m - +0 plate armour
rPois    +         Reflect  .   l - +0 helmet
rElec    .         Harm     .   (no cloak)
rCorr    .         Rampage  .   (no gloves)
Will     .....                  (no barding)
Stlth    ..........             (no amulet)
HPRegen  0.10/turn              (no ring)
MPRegen  0.08/turn              (no ring)

@: very slow
A: AC +1, large, see invisible, deformed body, poison resistance, slowness 2,
spit poison 1, naga tail 1
a: Spit Poison


You were on level 3 of the Dungeon.
You visited 1 branch of the dungeon, and saw 3 of its levels.

You collected 144 gold pieces.

Inventory:

Hand Weapons
 a - a +0 spear (weapon)
 d - a +0 dagger
Armour
 c - a +0 robe
 l - a +0 helmet (worn)
 m - a +0 plate armour (worn)
Scrolls
 b - a scroll of teleportation
 f - 2 scrolls of fog {unknown}
 g - a scroll of blinking {unknown}
 h - a scroll of enchant weapon {unknown}
 i - a scroll of amnesia {unknown}
 j - a scroll of noise {unknown}
 k - 2 scrolls of vulnerability {unknown}
 q - 2 scrolls of identify {unknown}
 r - a scroll of immolation {unknown}
 s - a scroll of fear {unknown}
Potions
 e - 2 potions of degeneration {unknown}
 n - a potion of mutation {unknown}
 o - a potion of curing {unknown}
 p - a potion of heal wounds {unknown}


   Skills:
 - Level 2.0 Fighting
 - Level 1.0 Short Blades
 - Level 1.0 Throwing
 - Level 1.0 Dodging
 - Level 3.0 Stealth
 + Level 2.2 Conjurations
 - Level 3.0 Transmutations
 + Level 2.3 Earth Magic


You had one spell level left.
You knew the following spells:

 Your Spells              Type           Power      Damage    Failure   Level
a - Sandblast             Erth           14%        2d6       100%        1

Your spell library contained the following spells:

 Spells                   Type           Power      Damage    Failure   Level
 Passwall                 Tmut/Erth      6%         N/A       100%        2
 Stone Arrow              Conj/Erth      12%        3d7       100%        3
 Petrify                  Tmut/Erth      8%         N/A       100%        4


Dungeon Overview and Level Annotations

Branches:
Dungeon (3/15)

Altars:


Innate Abilities, Weirdness & Mutations

Your serpentine skin is tough. (AC +1)
You have supernaturally acute eyesight. (SInv)
Armour fits poorly on your strangely shaped body.
Your system is resistant to poisons. (rPois)
You cover ground very slowly.
You can spit poison.
You have a snake-like lower body.


Message History

Found a scroll labelled VOEMEINTERGH.
q - 2 scrolls labelled VOEMEINTERGH (gained 1)
Found a stone staircase leading down.
There is a stone staircase leading down here.
Found a mace.
You see here a +0 mace.
A quokka comes into view.
A quokka is nearby!
A quokka is nearby!
A quokka is nearby!
You reach to attack!
You barely miss the quokka. You closely miss the quokka. The quokka bites you.
You hit the quokka but do no damage.
The quokka bites you but does no damage.
You hit the quokka but do no damage. The quokka bites you.
The quokka bites you but does no damage.
You barely miss the quokka.
A goblin comes into view. It is wielding a +0 dagger.
The quokka bites you but does no damage.
Your plate armour prevents you from hitting the quokka.
The goblin shouts!
A gnoll comes into view. It is wielding a +0 halberd.
The quokka bites you.
The gnoll shouts!
You hit the quokka but do no damage.
You hear a shout!
The quokka bites you.
The quokka bites you but does no damage.
You barely miss the quokka. The quokka bites you.
An orc comes into view. It is wielding a +0 falchion.
You hit the quokka but do no damage. The quokka bites you.
A frilled lizard comes into view.
The gnoll hits you from afar with a +0 halberd!
You are too injured to fight recklessly!
Unknown command.
A gnoll comes into view. It is wielding a +0 flail.
The quokka bites you.
* * * LOW HITPOINT WARNING * * *
The gnoll hits you from afar with a +0 halberd!
You die...

########################
........................
################@#######
#r# #g# #o# .g. ...
..... ...g. .....l.


You could see 2 gnolls, an orc, a quokka and a goblin.

Vanquished Creatures
  2 adders (D:2)
  A dart slug (D:1)
  3 ball pythons (D:2)
  6 bats
  5 endoplasms
  A giant cockroach (D:1)
  4 goblins (D:1)
  A hobgoblin (D:2)
  4 jackals (D:2)
  A kobold (D:1)
  2 frilled lizards (D:1)
  A rat (D:2)
31 creatures vanquished.

Notes
Turn   | Place    | Note
-------+----------+-------------------------------------------
     0 | D:1      | MajorAdolf the Naga Wanderer began the quest for the Orb.
     0 | D:1      | MajorAdolf set off with the following items: a +0 spear, a
                  | scroll of teleportation, a +0 robe, a +0 dagger; and the
                  | following spell memorised: Sandblast; and the following
                  | spells available to memorise: Passwall, Stone Arrow,
                  | Petrify
     0 | D:1      | Reached XP level 1. HP: 19/19 MP: 1/1
    87 | D:1      | Reached skill level 1 in Earth Magic
    87 | D:1      | Reached XP level 2. HP: 16/26 MP: 2/2
   445 | D:1      | Reached skill level 1 in Conjurations
  1363 | D:2      | Reached XP level 3. HP: 27/32 MP: 3/3
  1923 | D:2      | Found a faded altar of an unknown god.
  2524 | D:3      | Slain by a gnoll

Illustrated notes

Levels and vault maps discovered:
D:1:      dpeg_arrival_shelter, layout_basic, st_stairs_10
D:2:      layout_loops_ring, shapermc_ecumenical_altar_hornbeckon,
          minmay_tromino_i4
D:3:      layout_basic, uniq_robin

Skill      XL: |  1  2  3 |
---------------+----------+-----
Earth Magic    | 1 2 |  2.3
Conjurations   | 1 2 |  2.2
Fighting       | |  2.0
Short Blades   | |  1.0
Throwing       | |  1.0
Dodging        | |  1.0
Stealth        | |  3.0
Transmutations | |  3.0

Action                   || total
-------------------------++-------
Melee: Spear             ||   148
 Abil: Spit Poison       ||     5
 Stab: Sleeping          ||     1
Armor: Robe              ||    15
       Plate armour      ||    74
Dodge: Dodged            ||    37
